[Event "Titled Tuesday Blitz May 16 Early 2023"]
[White "Sharapov, Evgeny"]
[Black "Omariev, Maksim"]
[WhiteFideId "14103133"]
[BlackFideId "4193423"]
[WhiteElo "2367"]
[BlackElo "2412"]
[Result "0-1"]
[Round "05"]
[TimeControl "180+2"]
[Date "2023.05.16"]
[WhiteClock "0:00:09"]
[BlackClock "0:00:04"]

1. e4 c5 2. Nf3 d6 3. d4 cxd4 4. Nxd4 Nf6 5. Nc3 a6 6. g3 e6 7. Bg2 Be7 8. O-O O-O 9. a4 Qc7 10. a5 Nc6 11. Nb3 Nd7 12. f4 Nc5 13. Nxc5 dxc5 14. Bd2 Nxa5 15. Nd5 exd5 16. Bxa5 b6 17. exd5 Rd8 18. Bc3 c4 19. Kh1 Bb7 20. Qg4 Bf8 21. Rad1 b5 22. Be5 Qc5 23. Bf6 Rxd5 24. Bc3 Rad8 25. Rxd5 Bxd5 26. Qe2 b4 27. Be1 a5 28. f5 Qc6 29. f6 gxf6 30. Bxd5 Qxd5+ 31. Qg2 Qxg2+ 32. Kxg2 Kg7 33. Rf4 Rd1 34. Bf2 Rb1 35. Rxc4 Rxb2 36. Bd4 Ra2 37. Kf3 Kg6 38. Rc6 Bg7 39. g4 h6 40. h4 Ra3+ 41. Kf4 h5 42. g5 Rh3 43. Bxf6 Rxh4+ 44. Kg3 Rg4+ 45. Kf3 Bxf6 46. Rxf6+ Kg7 47. Rf5 a4 48. Ra5 a3 49. Kf2 Kg6 50. Kf3 Kg7 51. Kf2 Kg6 52. Kf3 Rc4 53. Ra4 Kxg5 54. Kg3 f5 0-1


[Site "https://www.chess.com"]

[Event "Titled Tuesday Blitz May 16 Early 2023"]
[White "Lehtosaari, Mauri"]
[Black "Smith, Shreyas"]
[WhiteFideId "501999"]
[BlackFideId "7400713"]
[WhiteElo "2503"]
[BlackElo "2151"]
[Result "1-0"]
[Round "05"]
[TimeControl "180+2"]
[Date "2023.05.16"]
[WhiteClock "0:00:43"]
[BlackClock "0:00:00"]

1. d4 d5 2. c4 e6 3. Nc3 a6 4. cxd5 exd5 5. Nf3 c6 6. Bg5 Be7 7. Bxe7 Nxe7 8. e3 O-O 9. Bd3 Bf5 10. Qc2 Bxd3 11. Qxd3 Nc8 12. h4 Nd6 13. Ng5 g6 14. O-O-O Qf6 15. f4 Qf5 16. Qe2 h6 17. g4 Qf6 18. Nf3 Nd7 19. Ne5 Qe7 20. h5 g5 21. fxg5 Nxe5 22. dxe5 Qxe5 23. gxh6 Nc4 24. e4 Rae8 25. Rdg1 Qf4+ 26. Kb1 Nd2+ 27. Ka1 Nxe4 28. Nxe4 Rxe4 29. Qc2 Qe5 30. g5 Re8 31. a3 Re2 32. Qb3 Re3 33. Qb4 Re4 34. Qb6 Qd4 35. Qxb7 R4e7 36. Qb3 c5 37. g6 1-0


[Site "https://www.chess.com"]

[Event "Titled Tuesday Blitz May 16 Early 2023"]
[White "Pham, Le Thao Nguyen"]
[Black "Santarius, Erik"]
[WhiteFideId "12401226"]
[BlackFideId "2025817"]
[WhiteElo "2286"]
[BlackElo "2300"]
[Result "0-1"]
[Round "05"]
[TimeControl "180+2"]
[Date "2023.05.16"]
[WhiteClock "0:00:00"]
[BlackClock "0:00:52"]

1. d4 d5 2. Nf3 Nf6 3. c4 e6 4. Nc3 c5 5. cxd5 Nxd5 6. e4 Nxc3 7. bxc3 cxd4 8. cxd4 Bb4+ 9. Bd2 Bxd2+ 10. Qxd2 O-O 11. Bc4 Nd7 12. O-O b6 13. Rfe1 Bb7 14. Rad1 Nf6 15. Bd3 Rc8 16. Qf4 Qc7 17. Qh4 h6 18. Bb1 Rfd8 19. g4 Qf4 20. Ne5 Bxe4 21. Bxe4 Nxe4 22. Re3 Ng5 23. Qg3 Rxd4 24. Qxf4 Rxf4 25. h4 Ne4 26. f3 Nc3 27. Rd7 Nd5 28. Rd3 a6 29. a3 b5 30. Kf2 Ra4 31. Kg3 a5 32. Nxf7 b4 33. axb4 axb4 34. g5 Ra3 35. Rd2 Rf8 36. Ne5 hxg5 37. hxg5 Re3 38. Ng6 Rexf3+ 39. Kg2 Ne3+ 40. Kg1 Rg3+ 41. Kh1 Rf1+ 42. Kh2 Rxg5 0-1


[Site "https://www.chess.com"]

[Event "Titled Tuesday Blitz May 16 Early 2023"]
[White "Toncheva, Nadya"]
[Black "Balint, Vilmos"]
[WhiteFideId "2924056"]
[BlackFideId "718050"]
[WhiteElo "2101"]
[BlackElo "2034"]
[Result "0-1"]
[Round "05"]
[TimeControl "180+2"]
[Date "2023.05.16"]
[WhiteClock "0:00:00"]
[BlackClock "0:00:07"]

1. e4 e6 2. d4 d5 3. Nd2 c5 4. Ngf3 Nc6 5. exd5 exd5 6. Bb5 c4 7. O-O a6 8. Re1+ Be7 9. Bxc6+ bxc6 10. Ne5 Qc7 11. Qe2 Be6 12. b3 cxb3 13. axb3 Nf6 14. Rxa6 O-O 15. Rxc6 Qb7 16. c4 Nd7 17. cxd5 Nxe5 18. Qxe5 Bf6 19. Qh5 Ra5 20. Rc5 Rxc5 21. dxc5 Bxd5 22. Qg4 h5 23. Qxh5 Bxg2 24. Qg4 Bd5 25. Qg3 Qb4 26. Rf1 Bh4 27. Qh3 Be6 28. Qg2 Qxc5 29. Ne4 Qe5 30. Ng3 Bxb3 31. Be3 Bd5 32. Qh3 Bf6 33. Rd1 Bf3 34. Rc1 Ra8 35. Nf5 Bb7 36. Qg4 Qd5 37. f3 Qxf3 38. Qxf3 Bxf3 39. Kf2 Be4 40. Ng3 Bd5 41. Rc7 Ra2+ 42. Ke1 Bh4 43. Bf2 Bf3 44. Rc8+ Kh7 45. Rc4 Bg5 46. Bd4 Rxh2 0-1


[Site "https://www.chess.com"]

[Event "Titled Tuesday Blitz May 16 Early 2023"]
[White "Thiel, Thomas"]
[Black "drdaro"]
[WhiteFideId "4615964"]
[WhiteElo "2199"]
[BlackElo "2343"]
[Result "1-0"]
[Round "05"]
[TimeControl "180+2"]
[Date "2023.05.16"]
[WhiteClock "0:00:00"]
[BlackClock "0:00:02"]

1. e4 d5 2. exd5 Nf6 3. d4 Nxd5 4. c4 Nf6 5. Nf3 g6 6. Be2 Bg7 7. O-O O-O 8. Nc3 b6 9. Ne5 Bb7 10. Bf3 Qc8 11. Re1 e6 12. Bg5 Nbd7 13. Nc6 Qe8 14. d5 Bxc6 15. dxc6 Nb8 16. Nb5 Na6 17. Qa4 Nc5 18. Qa3 h6 19. Bxf6 Bxf6 20. Nxc7 Qe7 21. Nxa8 Rxa8 22. Rad1 a5 23. b4 Na6 24. Rd7 Qf8 25. c7 Rc8 26. Qe3 Qxb4 27. Red1 Rxc7 28. Rxc7 Nxc7 29. Qf4 Ne8 30. Qb8 Qa4 31. g3 Kg7 32. Kg2 Bc3 33. Rd8 Nf6 34. h4 h5 35. Qxb6 Qxa2 36. Qd6 Qxc4 37. Qf8+ Kh7 38. Qh8# 1-0


[Site "https://www.chess.com"]

[Event "Titled Tuesday Blitz May 16 Early 2023"]
[White "Aradhya, Garg"]
[Black "Jodorcovsky Werjivker, Paulo"]
[WhiteFideId "25006746"]
[BlackFideId "3700305"]
[WhiteElo "2263"]
[BlackElo "2120"]
[Result "1/2-1/2"]
[Round "05"]
[TimeControl "180+2"]
[Date "2023.05.16"]
[WhiteClock "0:00:49"]
[BlackClock "0:00:15"]

1. d4 f5 2. c4 Nf6 3. Nf3 e6 4. g3 Be7 5. Bg2 O-O 6. Nc3 d6 7. d5 e5 8. e4 fxe4 9. Ng5 Bg4 10. Qb3 Na6 11. Ngxe4 Nxe4 12. Nxe4 b6 13. O-O h6 14. Be3 Nc5 15. Qc2 Bf5 16. b4 Nxe4 17. Bxe4 Qd7 18. Rfc1 Bg5 19. Bxg5 hxg5 20. c5 Rf6 21. cxd6 cxd6 22. Bxf5 Rxf5 23. Qc7 Qf7 24. Qxf7+ Rxf7 25. Rc6 Rd8 26. Rac1 Kf8 27. Rc7 Rdd7 28. Rc8+ Ke7 29. R1c6 Rf3 30. Rc3 Rf5 31. Kg2 e4 32. Re3 Rxd5 33. Rxe4+ Kf7 34. Ree8 Rd4 35. a3 Rd3 36. Re3 Rd2 37. Rec3 Re2 38. Kf3 Ree7 39. Kg4 Kg6 40. f4 gxf4 41. Kxf4 d5 42. R3c6+ Kf7 43. g4 d4 44. g5 g6 45. Rc2 d3 46. Rd2 Re2 47. Rd1 d2 48. Rc2 Rxh2 49. Kg3 Re2 50. Kf3 Rh2 51. Kg3 Rh5 52. Kg4 Rd4+ 53. Kf3 Rxg5 54. Rcxd2 Rxd2 55. Rxd2 Rf5+ 56. Ke4 Ke6 57. Rg2 g5 58. Rh2 Re5+ 59. Kd4 Rd5+ 60. Ke4 Re5+ 61. Kd4 Kf5 62. Rh7 a5 63. Rf7+ Ke6 64. Rb7 Rd5+ 65. Ke4 Rd6 66. b5 Kf6 67. a4 Re6+ 68. Kf3 g4+ 69. Kxg4 Re4+ 70. Kf3 Rxa4 71. Rxb6+ Ke7 72. Ke3 Rb4 73. Kd3 Kd7 74. Kc3 Kc7 75. Rc6+ Kb7 76. Rc5 Kb6 77. Rh5 Rxb5 78. Rh6+ Ka7 79. Kc4 Rb7 80. Kc5 a4 81. Rh4 a3 82. Ra4+ Kb8 83. Rxa3 Ra7 84. Rd3 Rc7+ 85. Kb6 Rb7+ 86. Kc6 Rc7+ 87. Kb5 Rb7+ 88. Kc6 Rc7+ 89. Kd6 Rb7 90. Rh3 Rb6+ 91. Kc5 Rb7 92. Rh8+ Ka7 93. Rc8 Rb1 94. Rc7+ Ka6 95. Rd7 Rc1+ 96. Kb4 Rb1+ 97. Kc3 Rc1+ 98. Kb2 Rc6 99. Rd3 Rb6+ 100. Ka2 Rb5 101. Rd7 Kb6 102. Ka3 Kc6 103. Rh7 Rb8 104. Rh6+ Kc5 105. Rh5+ Kc4 106. Rh4+ Kc3 107. Ka4 Ra8+ 108. Kb5 Rb8+ 109. Kc6 Rc8+ 110. Kb7 Rc4 111. Rh3+ Kb4 112. Kb6 Rg4 113. Re3 Rg6+ 114. Kc7 Kc5 115. Re5+ Kd4 116. Rh5 Kc4 117. Kd7 Kd4 118. Rh4+ Ke5 119. Rh7 Kd5 120. Rh5+ Ke4 121. Ke7 Kf4 122. Kf7 Ra6 123. Rh4+ Kg5 124. Rb4 Kf5 125. Rc4 Ra7+ 126. Ke8 Ke5 127. Kd8 Kd5 128. Rc1 Kd6 129. Rd1+ Kc6 130. Ke8 Rh7 131. Rc1+ Kd6 132. Kf8 Ke6 133. Kg8 1/2-1/2


[Site "https://www.chess.com"]

[Event "Titled Tuesday Blitz May 16 Early 2023"]
[White "Veiga, Jose Francisco R P Neves"]
[Black "Goswami, Vedant"]
[WhiteFideId "1930087"]
[BlackFideId "5003725"]
[WhiteElo "2320"]
[BlackElo "2011"]
[Result "1-0"]
[Round "05"]
[TimeControl "180+2"]
[Date "2023.05.16"]
[WhiteClock "0:00:36"]
[BlackClock "0:00:00"]

1. d4 g6 2. Nf3 d6 3. e4 Bg7 4. Nc3 Bg4 5. Be3 Nc6 6. Be2 Bxf3 7. Bxf3 e5 8. Ne2 Nf6 9. O-O O-O 10. Re1 Re8 11. d5 Nb8 12. c4 Nbd7 13. b4 h5 14. Bg5 Qc8 15. h4 Nh7 16. Be3 Qd8 17. g3 f5 18. exf5 e4 19. Bg2 Bxa1 20. fxg6 Nhf6 21. Qxa1 Ne5 22. Bd4 Qd7 23. Nf4 Qf5 24. Qb1 Nd3 25. Bxe4 Rxe4 26. Rxe4 Qxe4 27. Bxf6 Qe1+ 28. Qxe1 Nxe1 29. Kf1 Nf3 30. Ke2 Nh2 31. f3 Re8+ 32. Kf2 1-0


[Site "https://www.chess.com"]

[Event "Titled Tuesday Blitz May 16 Early 2023"]
[White "Matveeva, Olga"]
[Black "Mortazavi, Ali"]
[WhiteFideId "24107018"]
[BlackFideId "401323"]
[WhiteElo "2009"]
[BlackElo "2339"]
[Result "1-0"]
[Round "05"]
[TimeControl "180+2"]
[Date "2023.05.16"]
[WhiteClock "0:00:02"]
[BlackClock "0:00:02"]

1. d4 Nf6 2. c4 g6 3. g3 Bg7 4. Bg2 O-O 5. Nc3 d6 6. Nf3 Nbd7 7. O-O e5 8. e4 c6 9. h3 Qa5 10. Be3 Nb6 11. Qe2 exd4 12. Nxd4 Re8 13. Rac1 Qa6 14. b3 d5 15. exd5 cxd5 16. cxd5 Qa5 17. Ndb5 Nbd7 18. Nd6 Rf8 19. Ncb5 a6 20. Na7 Nxd5 21. Naxc8 Nxe3 22. Qxe3 Qxa2 23. Rc7 Ne5 24. Bxb7 Rb8 25. Rfc1 Rxb7 26. Nxb7 Qa3 27. Ne7+ Kh8 28. Nc5 Re8 29. Rc8 Rxc8 30. Nxc8 h6 31. Nd6 Kh7 32. Nde4 Qb2 33. Rf1 Qc2 34. Qf4 f5 35. Nd6 Qxc5 36. Nc4 Nd3 37. Qe3 Qxe3 38. Nxe3 Nc5 39. Rb1 Bc3 40. b4 Nd3 41. b5 axb5 42. Rxb5 h5 43. Rb3 Nc1 44. Rb7+ Kh6 45. Kf1 Bf6 46. Rc7 Nd3 47. Nd5 Bg5 48. Ke2 Nc1+ 49. Kf3 Nd3 50. Ne7 Ne5+ 51. Kg2 Bf6 52. Ng8+ Kg5 53. f4# 1-0


[Site "https://www.chess.com"]

[Event "Titled Tuesday Blitz May 16 Early 2023"]
[White "Berezin, Viktor"]
[Black "Yanayt, Eugene"]
[WhiteFideId "14107872"]
[BlackFideId "2020165"]
[WhiteElo "2310"]
[BlackElo "2083"]
[Result "1-0"]
[Round "05"]
[TimeControl "180+2"]
[Date "2023.05.16"]
[WhiteClock "0:01:03"]
[BlackClock "0:00:17"]

1. d4 Nf6 2. Nf3 g6 3. g3 Bg7 4. Bg2 O-O 5. O-O d6 6. a4 Nc6 7. a5 e5 8. a6 e4 9. Ng5 d5 10. axb7 Bxb7 11. c4 Ne7 12. cxd5 Bxd5 13. Nc3 e3 14. Bxe3 Bxg2 15. Kxg2 Nfd5 16. Nxd5 Qxd5+ 17. Nf3 Nf5 18. Ra4 Rfb8 19. Bc1 a5 20. Qd3 Rb3 21. Qc2 Nxd4 22. Rxd4 Bxd4 23. Rd1 Rxf3 24. exf3 Qc5 25. Qe4 Rd8 26. Be3 f5 27. Qe6+ Kg7 28. Bg5 Rd5 29. Bf6+ Kh6 30. Bxd4 Rxd4 31. Qe3+ 1-0


[Site "https://www.chess.com"]

[Event "Titled Tuesday Blitz May 16 Early 2023"]
[White "Altman, Joshua"]
[Black "Melikhov, Evgeny V."]
[WhiteFideId "426210"]
[BlackFideId "4122046"]
[WhiteElo "2028"]
[BlackElo "2158"]
[Result "1-0"]
[Round "05"]
[TimeControl "180+2"]
[Date "2023.05.16"]
[WhiteClock "0:00:37"]
[BlackClock "0:00:15"]

1. d4 Nf6 2. c4 e6 3. Nf3 d5 4. Nc3 Bb4 5. cxd5 exd5 6. Bg5 h6 7. Bh4 c5 8. e3 g5 9. Bg3 Qa5 10. Nd2 c4 11. Qc2 Nc6 12. Be2 h5 13. h4 g4 14. O-O Qd8 15. a3 Bd6 16. Bxd6 Qxd6 17. g3 O-O 18. b3 cxb3 19. Nxb3 Re8 20. Rac1 Ne4 21. Nxe4 dxe4 22. Qc5 Qg6 23. Bb5 Bd7 24. Qg5 Qxg5 25. hxg5 Rad8 26. Nc5 Bc8 27. Nxb7 Bxb7 28. Bxc6 Bxc6 29. Rxc6 Rd5 30. Rc7 Rxg5 31. Rxa7 h4 32. gxh4 Rh5 33. Kg2 Rxh4 34. Rh1 Rxh1 35. Kxh1 g3 36. fxg3 Rb8 37. Re7 Rb2 38. Rxe4 Kg7 39. d5 Kf6 40. d6 Rb8 41. d7 Rd8 42. Rd4 1-0


[Site "https://www.chess.com"]

[Event "Titled Tuesday Blitz May 16 Early 2023"]
[White "Barbot, Pierre"]
[Black "Tologon tegin, Semetei"]
[WhiteFideId "663727"]
[BlackFideId "13800574"]
[WhiteElo "2431"]
[BlackElo "2247"]
[Result "0-1"]
[Round "05"]
[TimeControl "180+2"]
[Date "2023.05.16"]
[WhiteClock "0:00:02"]
[BlackClock "0:00:46"]

1. d4 d5 2. Nc3 c6 3. Bf4 Bf5 4. f3 h5 5. e4 dxe4 6. fxe4 Bg4 7. Be2 Nf6 8. Nf3 e6 9. O-O Nbd7 10. Ne5 Bxe2 11. Qxe2 Nxe5 12. dxe5 Ng4 13. Kh1 Qa5 14. Rad1 Nxe5 15. Bxe5 Qxe5 16. Qd3 Qc7 17. e5 Be7 18. Ne4 O-O 19. Nd6 Rad8 20. c4 c5 21. Rf2 f6 22. Rfd2 fxe5 23. Qg6 Rf6 24. Ne8 Rxg6 25. Nxc7 Rxd2 26. Rxd2 Rg4 27. Rd7 Rd4 28. Rxe7 Rd1# 0-1


[Site "https://www.chess.com"]

[Event "Titled Tuesday Blitz May 16 Early 2023"]
[White "Roberz12"]
[Black "Reprintsev, Alexander"]
[BlackFideId "14100541"]
[WhiteElo "2344"]
[BlackElo "2218"]
[Result "1-0"]
[Round "05"]
[TimeControl "180+2"]
[Date "2023.05.16"]
[WhiteClock "0:00:58"]
[BlackClock "0:00:10"]

1. e4 d5 2. exd5 Qxd5 3. Nf3 Bg4 4. Be2 Nc6 5. Nc3 Qd7 6. h3 Bf5 7. d4 e6 8. Be3 Bb4 9. Qd2 Nf6 10. Bd3 Ne4 11. Bxe4 Bxe4 12. a3 Bxf3 13. gxf3 Ba5 14. Rg1 f6 15. b4 Bb6 16. O-O-O O-O-O 17. Ne4 Bxd4 18. Qe2 Bxe3+ 19. Qxe3 Qf7 20. Nc5 Rhe8 21. Qe2 a6 22. Nxa6 Nd4 23. Qe4 f5 24. Qe5 Rd5 25. Qe3 e5 26. Nc5 b6 27. Nd3 g6 28. f4 e4 29. Ne5 Rexe5 30. fxe5 c5 31. c3 Nb3+ 32. Kb2 Rxe5 33. Qg5 Qe7 34. Qxe7 Rxe7 35. Kxb3 1-0


[Site "https://www.chess.com"]

[Event "Titled Tuesday Blitz May 16 Early 2023"]
[White "Horak, Martin"]
[Black "Karthik Sai Ch"]
[WhiteFideId "367095"]
[BlackFideId "46649484"]
[WhiteElo "2091"]
[BlackElo "2003"]
[Result "1-0"]
[Round "05"]
[TimeControl "180+2"]
[Date "2023.05.16"]
[WhiteClock "0:00:08"]
[BlackClock "0:00:15"]

1. d4 Nf6 2. Bg5 Ne4 3. h4 d5 4. Nd2 Nxg5 5. hxg5 c5 6. e3 Nc6 7. c3 Bf5 8. g4 Bg6 9. Ngf3 e6 10. Bb5 a6 11. Bxc6+ bxc6 12. Qa4 Qb6 13. Ne5 Rc8 14. Nxg6 fxg6 15. O-O-O Rb8 16. Qc2 Be7 17. dxc5 Qxc5 18. Rxh7 Rxh7 19. Qxg6+ Kd7 20. Qxh7 Qb6 21. Qc2 Bxg5 22. Nf3 Bf6 23. g5 Be7 24. Ne5+ Kc7 25. Rd2 Bxg5 26. Qg6 Be7 27. Qxg7 Qc5 28. Ng6 Kd7 29. Qf7 Re8 30. Rd4 Qd6 31. f4 c5 32. Ra4 Kd8 33. Ne5 Rf8 34. Qg7 Ke8 35. Ra5 Bf6 36. Qg6+ Ke7 37. Ng4 Rf7 38. Nxf6 Rxf6 39. Qg7+ Rf7 40. Qg5+ Kf8 41. Ra3 Qb6 42. Rb3 Qc7 43. Qh6+ Ke7 44. Qg5+ Kf8 45. Qg6 Qd6 46. Qh6+ Ke7 47. Qg5+ Kf8 48. Qh6+ Ke8 49. Qh8+ Kd7 50. Rb7+ Kc6 51. Rxf7 d4 52. Qe8+ Kd5 53. Qa8+ Kc4 54. Rb7 Kd3 55. Qa7 dxe3 56. Rd7 Qd5 57. Rxd5+ exd5 58. Qe7 d4 59. cxd4 cxd4 60. Kd1 Kc4 61. Qe4 Kc5 62. Ke2 Kc4 63. Qd3+ Kc5 64. f5 Kd5 65. f6 Ke6 66. f7 Kxf7 67. Qxd4 Ke6 68. Kxe3 Kf5 69. Qb6 Kg5 70. Qa5+ Kg4 71. Qxa6 Kh3 72. Qg6 Kh2 73. Kf2 Kh1 74. Qh5# 1-0


[Site "https://www.chess.com"]

[Event "Titled Tuesday Blitz May 16 Early 2023"]
[White "Karas, Marek"]
[Black "Llanos, Guillermo"]
[WhiteFideId "14928558"]
[BlackFideId "100358"]
[WhiteElo "2233"]
[BlackElo "2225"]
[Result "0-1"]
[Round "05"]
[TimeControl "180+2"]
[Date "2023.05.16"]
[WhiteClock "0:00:00"]
[BlackClock "0:00:44"]

1. h4 d5 2. d4 c5 3. e4 dxe4 4. d5 Nf6 5. Nc3 a6 6. Bg5 b5 7. Bxf6 exf6 8. Nxe4 f5 9. Ng5 Bd6 10. N1f3 h6 11. Nh3 O-O 12. Be2 Bb7 13. Qd2 Nd7 14. O-O-O Nf6 15. Nf4 Ne4 16. Qe3 Bxf4 17. Qxf4 Nxf2 18. Qxf5 Nxh1 19. Rxh1 Qxd5 20. Qf4 Qe4 21. Qd2 Rad8 22. Bd3 Qd5 23. Qc3 Qxa2 24. b3 Qa3+ 25. Kb1 c4 26. Bf5 cxb3 27. cxb3 Bd5 28. Bc2 Rc8 29. Qd3 Rxc2 30. Qxc2 Bxb3 31. Qb2 Qxb2+ 32. Kxb2 Bd5 33. Ne1 Be4 34. Rh3 f5 35. Rc3 b4 36. Rc4 a5 37. g4 g6 38. h5 gxh5 39. gxf5 Bxf5 40. Ng2 Rc8 41. Rxc8+ Bxc8 42. Kb3 Bd7 43. Kc4 Kf7 44. Nf4 h4 45. Kd4 h3 46. Nd3 h2 47. Ne5+ Ke6 0-1


[Site "https://www.chess.com"]

[Event "Titled Tuesday Blitz May 16 Early 2023"]
[White "Dishman, Stephen"]
[Black "cristianserban1"]
[WhiteFideId "403024"]
[WhiteElo "2204"]
[BlackElo "2510"]
[Result "0-1"]
[Round "05"]
[TimeControl "180+2"]
[Date "2023.05.16"]
[WhiteClock "0:00:00"]
[BlackClock "0:00:04"]

1. c4 e6 2. g3 d5 3. Nf3 c6 4. Qc2 Nf6 5. d4 Bb4+ 6. Bd2 Be7 7. Bg2 O-O 8. O-O b6 9. Bf4 Bb7 10. Rd1 Nbd7 11. Ne5 Nh5 12. Bc1 Nhf6 13. Bf4 Nh5 14. Bc1 Nhf6 15. Nc3 Rc8 16. Qa4 a5 17. cxd5 cxd5 18. Bf4 Nxe5 19. Bxe5 Nd7 20. Bf4 Ba6 21. Rac1 Bb4 22. Nb5 g5 23. Be3 Nb8 24. Rxc8 Qxc8 25. Rc1 Qd7 26. Nc3 h6 27. Bf3 Rc8 28. Qxd7 Nxd7 29. a3 Bxc3 30. Rxc3 Rxc3 31. bxc3 Nf6 32. Kf1 Ne8 33. h4 f6 34. hxg5 hxg5 35. Bg4 Nc7 36. f4 f5 37. Bh5 gxf4 38. Bxf4 Nb5 39. Bd2 Nxa3 40. g4 Nb1 41. Ke1 a4 42. Kd1 a3 43. Bc1 Nxc3+ 44. Kc2 Nxe2 45. Bxa3 Nxd4+ 46. Kd2 f4 47. Bb2 Nf3+ 48. Kd1 e5 49. Bg6 Bc4 50. Bf5 d4 51. Ba3 b5 52. Bd6 Kf7 53. Be4 Ng5 54. Bf5 e4 55. Bxf4 Kf6 56. Bxg5+ Kxg5 57. Bxe4 Kxg4 58. Kd2 Kf4 0-1


[Site "https://www.chess.com"]

[Event "Titled Tuesday Blitz May 16 Early 2023"]
[White "Buchenau, Frank"]
[Black "KorolDimitriy75"]
[WhiteFideId "4604350"]
[WhiteElo "2157"]
[BlackElo "2508"]
[Result "1-0"]
[Round "05"]
[TimeControl "180+2"]
[Date "2023.05.16"]
[WhiteClock "0:00:58"]
[BlackClock "0:00:00"]

1. e4 c5 2. Nf3 d6 3. Bb5+ Nd7 4. O-O Nf6 5. Re1 a6 6. Bf1 e5 7. c3 Be7 8. d4 O-O 9. dxe5 dxe5 10. c4 b6 11. Nc3 Bb7 12. Bg5 Re8 13. Qd2 h6 14. Bh4 Qc7 15. Rad1 Rad8 16. Qc1 Nf8 17. Nd5 Nxd5 18. exd5 f6 19. Bd3 g5 20. Bg3 Kg7 21. h4 Bd6 22. hxg5 hxg5 23. Nxg5 fxg5 24. Qxg5+ Kh8 25. Re4 Re7 26. Rh4+ Nh7 27. Qf6+ 1-0


[Site "https://www.chess.com"]

[Event "Titled Tuesday Blitz May 16 Early 2023"]
[White "Fajdetic, Hrvoje"]
[Black "Arat, Ufuk Sezen"]
[WhiteFideId "14501945"]
[BlackFideId "6309089"]
[WhiteElo "2185"]
[BlackElo "2289"]
[Result "1-0"]
[Round "05"]
[TimeControl "180+2"]
[Date "2023.05.16"]
[WhiteClock "0:00:05"]
[BlackClock "0:00:00"]

1. d4 d5 2. Bf4 Nf6 3. e3 c5 4. Nc3 Nc6 5. Nb5 e5 6. dxe5 a6 7. Nc3 d4 8. exf6 dxc3 9. Qxd8+ Nxd8 10. b3 gxf6 11. Ne2 Ne6 12. Bg3 Bg7 13. O-O-O f5 14. Rd5 b6 15. Be5 Bb7 16. Bxg7 Nxg7 17. Rd1 O-O 18. Nxc3 Rad8 19. f3 Rde8 20. Re1 f4 21. e4 Ne6 22. Bc4 Nd4 23. Bd5 Bc8 24. Ne2 Nxe2+ 25. Rxe2 Kg7 26. Rhe1 Be6 27. c4 Kf6 28. e5+ Ke7 29. Be4 Rg8 30. h3 Rg3 31. Bxh7 Rh8 32. Be4 Rhg8 33. Rd1 Rxg2 34. Rxg2 Rxg2 35. Rd2 Rg1+ 36. Kb2 Bxh3 37. Rd6 b5 38. Rxa6 b4 39. Bd5 Rg2+ 40. Kc1 Be6 41. Ra7+ Kf8 42. Bxe6 fxe6 43. Ra5 Rf2 44. Rxc5 Rxf3 45. Rb5 Rf2 46. Rxb4 Kg7 47. Rb6 Kg6 48. Rxe6+ Kf5 49. Re8 f3 50. Kb1 Rf1+ 51. Kb2 f2 52. Rf8+ Kxe5 53. a4 Kd4 54. a5 Kc5 55. a6 Kb6 56. Rf6+ Ka7 57. b4 Kb8 58. b5 Ka7 59. c5 Kb8 60. Rf7 Ka8 61. b6 Re1 62. Rf8+ 1-0


[Site "https://www.chess.com"]

[Event "Titled Tuesday Blitz May 16 Early 2023"]
[White "Ezat, Mohamed"]
[Black "Korpics, Zsolt"]
[WhiteFideId "10600906"]
[BlackFideId "705241"]
[WhiteElo "2386"]
[BlackElo "2325"]
[Result "0-1"]
[Round "05"]
[TimeControl "180+2"]
[Date "2023.05.16"]
[WhiteClock "0:00:06"]
[BlackClock "0:00:09"]

1. d4 Nf6 2. c4 e6 3. Nc3 Bb4 4. e3 O-O 5. a3 Bxc3+ 6. bxc3 d5 7. cxd5 exd5 8. Bd3 c5 9. f3 Nc6 10. Ne2 c4 11. Bb1 b5 12. O-O a5 13. Ng3 Rb8 14. e4 b4 15. axb4 axb4 16. e5 Ne8 17. f4 bxc3 18. Qc2 f5 19. Qxc3 Nc7 20. Be3 Nb5 21. Qd2 Be6 22. Bc2 c3 23. Qf2 Nb4 24. Rfb1 Qe7 25. Rb3 Nc6 26. Rab1 Na3 27. Rxb8 Nxb8 28. Rb3 g6 29. Rxc3 Na6 30. Bd3 Nc7 31. Qb2 Nc4 32. Bxc4 dxc4 33. Qb7 Nd5 34. Qxe7 Nxe7 35. Ra3 Nd5 36. Ne2 Rc8 37. Bd2 Rb8 38. Nc3 Nb4 39. Ra7 Nd3 40. d5 Bxd5 41. h4 Bf7 42. h5 gxh5 43. Re7 Rb2 44. e6 Bxe6 45. Bc1 Nxc1 46. Rxe6 Rc2 47. Nd5 Rd2 48. Re7 Rxd5 49. Rc7 Rd1+ 50. Kh2 Rd4 51. Rc8+ Kg7 52. Rc5 Kf6 53. Rc6+ Ke7 54. Kh3 Kd7 55. Rc5 Nd3 56. Rxf5 Rxf4 57. Rf7+ Rxf7 58. Kh4 Re7 59. g4 Nc5 60. Kxh5 Ne6 61. g5 c3 62. Kh6 Rg7 63. g6 Rxg6+ 64. Kxh7 Rg1 65. Kh8 c2 66. Kh7 c1=Q 67. Kh8 Qh6# 0-1


[Site "https://www.chess.com"]

[Event "Titled Tuesday Blitz May 16 Early 2023"]
[White "Mike24147"]
[Black "Kuznetsov, Mikhail"]
[BlackFideId "4117190"]
[WhiteElo "2326"]
[BlackElo "1981"]
[Result "1-0"]
[Round "05"]
[TimeControl "180+2"]
[Date "2023.05.16"]
[WhiteClock "0:01:08"]
[BlackClock "0:00:00"]

1. c4 Nf6 2. g3 g6 3. Bg2 d5 4. cxd5 Nxd5 5. Qb3 Nb6 6. Qc3 Rg8 7. Nf3 Bg7 8. Qc2 Nc6 9. a3 Bf5 10. d3 Bg4 11. Be3 Qd7 12. Nc3 Bh3 13. O-O Bxg2 14. Kxg2 Nd5 15. Nxd5 Qxd5 16. Rac1 Bf6 17. b4 Kf8 18. Qc4 Qxc4 19. Rxc4 a6 20. a4 Rc8 21. Rfc1 Kg7 22. b5 axb5 23. axb5 Na5 24. Rxc7 Ra8 25. Bb6 Nb3 26. R1c4 Rgb8 27. Rb4 Na5 28. Ra4 Nb3 29. Rxa8 Rxa8 30. Rxb7 Ra2 31. Bd8 Rxe2 32. Kf1 Re6 33. Rb6 1-0


[Site "https://www.chess.com"]

[Event "Titled Tuesday Blitz May 16 Early 2023"]
[White "Weber, Samuel"]
[Black "Shapiro, Viktor"]
[WhiteFideId "12924008"]
[BlackFideId "4175700"]
[WhiteElo "2162"]
[BlackElo "2152"]
[Result "0-1"]
[Round "05"]
[TimeControl "180+2"]
[Date "2023.05.16"]
[WhiteClock "0:00:00"]
[BlackClock "0:00:55"]

1. b3 Nf6 2. Bb2 d5 3. Nf3 Bf5 4. e3 e6 5. c4 Bd6 6. Be2 c6 7. O-O Nbd7 8. Nc3 h6 9. d4 O-O 10. Rc1 a6 11. cxd5 exd5 12. Na4 Re8 13. Nc5 Qc7 14. Nxd7 Nxd7 15. Bd3 Be4 16. h3 Nf6 17. Ne5 Qe7 18. f4 Rac8 19. Kh2 Bxd3 20. Qxd3 Ne4 21. Rce1 f6 22. Nf3 Qf7 23. Qd1 Qg6 24. g4 Qf7 25. Kh1 Ng3+ 26. Kg2 Nxf1 27. Kxf1 g5 28. fxg5 fxg5 29. Kg2 Rf8 30. Rf1 Qg6 31. Qb1 Qxb1 32. Rxb1 Rce8 33. Ne5 Bxe5 34. dxe5 Kf7 35. Bd4 Ke6 36. b4 Rf7 37. a4 Ref8 38. Rb2 Rf1 39. b5 axb5 40. axb5 Rc1 41. bxc6 bxc6 42. Rb7 Rc2+ 43. Kg1 Rf3 44. Rg7 Rg3+ 45. Kf1 Rxh3 46. Rg6+ Kf7 47. Rf6+ Ke7 48. Kg1 c5 0-1


[Site "https://www.chess.com"]

[Event "Titled Tuesday Blitz May 16 Early 2023"]
[White "Pinto, Daniel"]
[Black "Manon-og, Ramon Jr."]
[WhiteFideId "3303144"]
[BlackFideId "5200776"]
[WhiteElo "2145"]
[BlackElo "2313"]
[Result "1-0"]
[Round "05"]
[TimeControl "180+2"]
[Date "2023.05.16"]
[WhiteClock "0:00:17"]
[BlackClock "0:00:31"]

1. e4 c5 2. Nf3 d6 3. Be2 Nf6 4. O-O Nxe4 5. d4 cxd4 6. Nxd4 e5 7. Nb5 a6 8. N5a3 Be7 9. c4 O-O 10. Qc2 Nc5 11. b4 Ne6 12. Bb2 Nc6 13. Qd2 Ncd4 14. Bd3 Bg5 15. Qd1 Bd7 16. Nc3 Nf4 17. Be4 Bc6 18. g3 Nh3+ 19. Kg2 Qd7 20. Qh5 f5 21. Bxc6 Qxc6+ 22. Kxh3 h6 23. f4 Bf6 24. Nd5 b5 25. Bxd4 exd4 26. Qf3 Qe8 27. Nc7 Qc8 28. Nxa8 g5 29. Qd5+ Kg7 30. Nb6 Qe8 31. Rae1 Qh5+ 32. Kg2 gxf4 33. Rxf4 Be5 34. Rxe5 dxe5 35. Qxe5+ Kg8 36. Qxd4 Qe2+ 37. Rf2 Qe6 38. Qd5 Re8 39. cxb5 axb5 40. Nxb5 Qxd5+ 41. Nxd5 Re5 42. Nbc7 Kf7 43. b5 f4 44. gxf4 1-0


[Site "https://www.chess.com"]